 Dungeon Crawl Stone Soup version 0.25-a0-523-g9afb2ee040 (console) character file.

Game seed: 6563322154063948492, levelgen mode: deterministic

54 surprisetrex the Firebug (level 3, 26/26 HPs)
             Began as a Hill Orc Fire Elementalist on Feb 18, 2020.
             Was a Plaything of Xom.
             Quit the game on level 2 of the Dungeon.
             The game lasted 00:08:41 (1273 turns).

surprisetrex the Firebug (HOFE)                     Turns: 1273, Time: 00:08:42

Health: 26/26      AC:  3    Str: 10    XL:     3   Next: 91%
Magic:  5/5        EV: 12    Int: 16    God:    Xom [..*...]
Gold:   24         SH:  0    Dex: 11    Spells: 4/5 levels left

rFire    . . .     SeeInvis .   a - +0 whip
rCold    . . .     Gourm    .   (no shield)
rNeg     . . .     Faith    .   d - +1 robe
rPois    .         Spirit   .   (no helmet)
rElec    .         Reflect  .   (no cloak)
rCorr    .         Harm     .   (no gloves)
MR       .....                  (no boots)
Stlth    +.........             (no amulet)
HPRegen  0.08/turn              m - ring of attention (curse)
MPRegen  0.09/turn              (no ring)

@: no status effects
A: no striking features
a: Renounce Religion


You were on level 2 of the Dungeon.
You worshipped Xom.
You were a toy of Xom.
You were not hungry.

You visited 1 branch of the dungeon, and saw 2 of its levels.

You collected 24 gold pieces.

Inventory:

Hand Weapons
 a - a +0 whip (weapon)
Missiles
 e - 54 stones (quivered)
 i - 8 sling bullets
Armour
 d - a +1 robe (worn)
Jewellery
 m - a cursed ring of attention (left hand)
Potions
 l - a potion of cancellation
Comestibles
 c - 3 rations
 h - 6 chunks of flesh


   Skills:
 - Level 1.5 Dodging
 - Level 1.5 Stealth
 - Level 1.5 Spellcasting
 - Level 1.0 Conjurations
 + Level 5.2 Fire Magic


You had 4 spell levels left.
You knew the following spells:

 Your Spells              Type           Power        Failure   Level  Hunger
a - Foxfire               Conj/Fire      ##..         6%          1    ##.....

Your spell library contained the following spells:

 Spells                   Type           Power        Failure   Level  Hunger
 Conjure Flame            Conj/Fire      ##......     19%         3    ####...
 Inner Flame              Hex/Fire       #.......     22%         3    ####...
 Sticky Flame             Conj/Fire      ##......     52%         4    #####..
 Fireball                 Conj/Fire      ##........   86%         5    ######.


Dungeon Overview and Level Annotations

Branches:
Dungeon (2/15)

Altars:
Xom


Message History

You open the door. You open the door.
There is an open door here.
You open the door.
A kobold comes into view.
The kobold shouts!
There is an open door here.
A kobold is nearby!
You hit the kobold but do no damage. The kobold hits you.
You hit the kobold.
You kill the kobold!
Things that are here:
a cursed -1 club; a kobold corpse; a hobgoblin skeleton HP restored.
A rat comes into view.
The rat moves out of view.
Welcome back, surprisetrex the Hill Orc Fire Elementalist.
Xom snickers.
Press ? for a list of commands and other information.
Are you sure you want to abandon this character and quit the game? (Confirm with "yes".)

.....[......# #..
#...........§§.# ###
#............§§# #..
#..............# #.#
#..............# #.#
#..............# #.# .
#..............###'#
....#...................
.......@................
......###...#####....)..
..... #...# #.......
.... #...# #....... ...
#...# ##....... ..
##...####........ .
#......<#.#######
#.#######.# #.........#


There were no monsters in sight!

Vanquished Creatures
  A gnoll (D:1)
  An adder (D:2)
  An ooze (D:1)
  2 leopard geckos (D:1)
  2 giant cockroaches
  2 goblins (D:1)
  6 hobgoblins
  2 ball pythons (D:1)
  3 bats
  3 frilled lizards
  3 kobolds
  5 rats
31 creatures vanquished.

Vanquished Creatures (others)
  68 foxfires
68 creatures vanquished.

Grand Total: 99 creatures vanquished

Notes
Turn   | Place    | Note
-------+----------+-------------------------------------------
     0 | D:1      | surprisetrex the Hill Orc Fire Elementalist began the quest
                  | for the Orb.
     0 | D:1      | Reached XP level 1. HP: 14/14 MP: 3/3
   172 | D:1      | Reached XP level 2. HP: 14/20 MP: 1/4
   198 | D:1      | Reached skill level 4 in Fire Magic
   652 | D:1      | Reached XP level 3. HP: 23/26 MP: 1/5
  1109 | D:2      | Reached skill level 5 in Fire Magic
  1196 | D:2      | Found a faded altar of an unknown god.
  1198 | D:2      | Became a worshipper of The Xom-Meister,
                  | Xom-a-lom-a-ding-dong
  1273 | D:2      | Quit the game

Levels and vault maps discovered:
D:1:      sevenhm_arrival_forest_fort_large_1, layout_basic
D:2:      layout_basic, chequers_ecumenical_altar_twisty

Skill      XL: |  1  2  3 |
---------------+----------+-----
Fire Magic     | 4 5 |  5.2
Dodging        | |  1.5
Stealth        | |  1.5
Spellcasting   | |  1.5
Conjurations   | |  1.0

Action                   || total
-------------------------++-------
Melee: Unarmed           ||    34
       Whip              ||     3
Throw: Stone             ||     8
 Cast: Foxfire           ||    46
  Use: Scroll            ||     5
 Stab: Sleeping          ||     1
  Eat: Chunk             ||     2
Armor: Robe              ||    14
Dodge: Dodged            ||    30

Table legend:
 A = Non-vault XP
 B = Vault XP
 C = Vault XP percentage of total XP
 D = Non-vault monster count
 E = Vault monster count
 F = Vault count percentage of total count
                 A         B        C        D         E       F
            +---------+---------+-------+---------+---------+-------
      Total |      75 |       3 |   3.8 |      28 |       3 |   9.7
            +---------+---------+-------+---------+---------+-------
        D:1 |      54 |       3 |   5.3 |      21 |       3 |  12.5
        D:2 |      21 |       0 |   0.0 |       7 |       0 |   0.0
            +---------+---------+-------+---------+---------+-------
